 Dungeon Crawl Stone Soup version 0.16-a0-4048-g245e628 (webtiles) character file.

70 DEFE the Firebug (level 4, -5/25 HPs)
             Began as a Deep Elf Fire Elementalist on Feb 19, 2015.
             Killed from afar by Ijyb (9 damage)
             ... with a wand of flame
             ... on level 2 of the Dungeon.
             The game lasted 00:06:14 (1862 turns).

DEFE the Firebug (Deep Elf Fire Elementalist)       Turns: 1862, Time: 00:06:14

Health: -5/25      AC:  5    Str:  5    XL:     4   Next: 3%
Magic:  6/14       EV: 13    Int: 26    God:
Gold:   81         SH:  0    Dex: 15    Spells: 2 memorised, 6 levels left

rFire  . . .     SeeInvis .     (no weapon)
rCold  . . .     Clarity  .     a - +0 robe
rNeg   . . .     SustAb   .     (no shield)
rPois  .         Gourm    .     f - +2 helmet
rElec  .         Spirit   .     (no cloak)
rCorr  .         Warding  .     (no gloves)
rMut   .         Stasis   .     (no boots)
MR     .....                    (no amulet)
Stlth  ++........               (no ring)
                                (no ring)

@: brilliant, very slightly contaminated, not resistant to hostile enchantments,
unstealthy
A: no striking features
a: no special abilities


You were on level 2 of the Dungeon.
You were hungry.

You visited 1 branch of the dungeon, and saw 2 of its levels.

You collected 81 gold pieces.

Inventory:

Hand weapons
 l - a +0 dagger of draining
Armour
 a - a +0 robe (worn)
 f - a +2 helmet (worn)
Scrolls
 h - a scroll of random uselessness {unknown}
 j - a scroll of enchant armour {unknown}
 k - a scroll of remove curse {unknown}
 m - a scroll of fog {unknown}
Books
 b - a book of Flames

   Spells                             Type                      Level
   a - Flame Tongue                   Conjuration/Fire             1
   b - Throw Flame                    Conjuration/Fire             2
   c - Conjure Flame                  Conjuration/Fire             3
   d - Inner Flame                    Hexes/Fire                   3
   e - Sticky Flame                   Conjuration/Fire             4
   f - Fireball                       Conjuration/Fire             5
Comestibles
 c - 2 bread rations
 g - a beef jerky
 i - a meat ration


   Skills:
 + Level 1.0 Fighting
 + Level 3.2 Dodging
 - Level 2.4 Stealth
 + Level 3.5 Spellcasting
 + Level 2.2 Conjurations
 + Level 3.9 Fire Magic


You had 6 spell levels left.
You knew the following spells:

 Your Spells              Type           Power        Failure   Level  Hunger
a - Flame Tongue          Conj/Fire      #####        1%          1    None
b - Conjure Flame         Conj/Fire      #####...     1%          3    ##.....


Dungeon Overview and Level Annotations

Branches:
Dungeon (2/15)

Altars:
Qazlal

Annotations:
D:2 Ijyb


Message History

The flame tongue hits Ijyb.
Ijyb is heavily wounded.
Ijyb zaps a wand.
The puff of flame hits you!
Ijyb zaps a wand.
The puff of flame misses you.
Casting: Flame Tongue
Confirm with . or Enter, or press ? or * to list all spells.
Aiming: Flame Tongue
Press: ? - help, Shift-Dir - straight line, f/p - Ijyb
Aim: Ijyb, wielding an enchanted club and carrying a wand of flame {zapped: 4} (heavily wounded)
The flame tongue hits Ijyb.
Ijyb is severely wounded.
Ijyb zaps a wand.
The puff of flame hits you!
* * * LOW HITPOINT WARNING * * *
Drink which item? (? for menu, Esc to quit)
You feel better.
Ijyb zaps a wand.
The puff of flame hits you!
* * * LOW HITPOINT WARNING * * *
Drink which item? (? for menu, Esc to quit)
You feel clever all of a sudden.
Ijyb zaps a wand.
The puff of flame hits you!
You die...

### ##.## ##.#.##
##.###.#### ####.##
##...# ###
......###)##.###.##
.#####.#.###....#.#
.# #.....######.##
.# ##...## #@# .#
##.## #.# .# #.#
#g# .# #.# #.#
##### .# #+#
####.#..g.... ##.
.# #......<# .. ##
#.##†#...# #.### #
#†...#.# #.#.# ###
#...## .# ####.)..


You could see Ijyb.

Vanquished Creatures
  3 adders (D:2)
  8 bats
  5 goblins
  4 hobgoblins
  5 jackals
  A ball python (D:1)
  3 giant cockroaches
  6 giant newts
  4 kobolds
  5 rats
44 creatures vanquished.

Notes
Turn   | Place    | Note
--------------------------------------------------------------
     0 | D:1      | DEFE, the Deep Elf Fire Elementalist, began the quest for the Orb.
     0 | D:1      | Reached XP level 1. HP: 10/10 MP: 5/5
   441 | D:1      | Reached XP level 2. HP: 12/15 MP: 0/8
  1288 | D:2      | Found a stormy altar of Qazlal.
  1317 | D:2      | Reached XP level 3. HP: 20/20 MP: 6/11
  1368 | D:2      | Learned a level 3 spell: Conjure Flame
  1721 | D:2      | Reached skill level 1 in Fighting
  1803 | D:2      | Reached XP level 4. HP: 25/25 MP: 11/13
  1805 | D:2      | Noticed Ijyb
  1862 | D:2      | Killed from afar by Ijyb

Action                   |  1- 3 |  4- 6 || total
-------------------------+-------+-------++-------
 Cast: Flame Tongue      |    71 |    11 ||    82
  Use: Potion            |     1 |     2 ||     3
       Scroll            |     1 |       ||     1
  Eat: Chunk             |     2 |       ||     2
